 Dungeon Crawl Stone Soup version 0.20-a0-351-gc9b4002 (webtiles) character file.

44733 Duffy the Cleaver (level 14, -6/77 HPs)
             Began as a Vine Stalker Fighter on Dec 25, 2016.
             Was a High Priest of Cheibriados.
             Mangled by an acid blob (11 damage)
             ... on level 6 of the Lair of Beasts.
             The game lasted 00:19:20 (14852 turns).

Duffy the Cleaver (Vine Stalker Fighter)           Turns: 14852, Time: 00:19:20

Health: -6/77      AC: 10    Str: 37    XL:     14   Next: 30%
Magic:  0/15       EV:  8    Int: 21    God:    Cheibriados [*****.]
Gold:   1114       SH: 15    Dex: 27    Spells: 13/13 levels left

rFire  + . .     SeeInvis .     a - +1 war axe (drain)
rCold  . . .     Gourm    .     S - +0 plate armour
rNeg   . . .     Faith    .     c - +0 shield
rPois  .         Spirit   +     W - +2 helmet
rElec  .         Reflect  .     (no cloak)
rCorr  .         Harm     .     H - +2 pair of gloves {archery}
MR     +....                    J - +0 pair of boots
Stlth  ..........               i - amulet of regeneration
                                r - ring of protection from fire
                                p - +3 ring of protection

@: corroded, very slow
A: fangs 3, regeneration 2, magic shield, antimagic bite, no device heal 3, rot
immunity
a: Bend Time, Temporal Distortion, Slouch, Step From Time, Renounce Religion


You were on level 6 of the Lair of Beasts.
You worshipped Cheibriados.
Cheibriados was extremely pleased with you.
You were not hungry.

You visited 3 branches of the dungeon, and saw 17 of its levels.
You also visited: Ossuary.

You collected 1114 gold pieces.

Inventory:

Hand Weapons
 a - a +1 war axe of draining (weapon)
 g - a +2 war axe of pain
 y - a +2 vampiric triple sword (quivered)
 C - a +3 scimitar of flaming
Armour
 c - a +0 shield (worn)
 H - a +2 pair of gloves of archery (worn)
 J - a +0 pair of boots (worn)
 S - a +0 plate armour (worn)
 W - a +2 helmet (worn)
Jewellery
 i - an amulet of regeneration (around neck)
 o - an uncursed ring of positive energy
 p - a +3 ring of protection (left hand)
 r - a ring of protection from fire (right hand)
 I - an uncursed ring of ice
 K - an uncursed ring of positive energy
 O - an uncursed ring of wizardry
Wands
 u - a wand of flame (28/48)
 z - a wand of confusion (15/48)
 L - a wand of slowing (38/48)
 N - a wand of acid (5/15)
Scrolls
 b - 6 scrolls of remove curse
 d - 3 scrolls of blinking
 e - 2 scrolls of enchant armour
 j - 4 scrolls of teleportation
 m - 2 scrolls of fog
 q - a scroll of immolation
 v - 2 scrolls of recharging
 B - 4 scrolls of fear
 G - a scroll of brand weapon
 M - 2 scrolls of magic mapping
 U - a scroll of acquirement
 X - a scroll of identify
 Y - 2 scrolls of enchant weapon
Potions
 h - a potion of flight
 k - 4 potions of magic
 l - 2 potions of brilliance
 n - 4 potions of ambrosia
 t - 3 potions of heal wounds
 A - a potion of resistance
 D - 5 potions of agility
 E - 6 potions of curing
 F - 5 potions of might
 P - 2 potions of lignification
 T - a potion of berserk rage {unknown}
 V - 2 potions of cancellation
Comestibles
 f - 14 bread rations
 s - 6 meat rations
 w - 11 fruits
 x - 46 chunks of flesh
 Q - 2 slices of pizza
 R - a beef jerky


   Skills:
 - Level 10.6 Fighting
 - Level 13.1 Axes
 - Level 10.2 Armour
 - Level 11.2 Shields
 + Level 0.0 Invocations


You had 13 spell levels left.
You didn't know any spells.

Dungeon Overview and Level Annotations

Branches:
Dungeon (10/15)            Temple (1/1) D:5            Lair (6/6) D:8
  Swamp (0/4) Lair:2       Spider (0/4) Lair:3
  Slime: Lair:5-6       Orc: D:9-12

Altars:
Ashenzari
Cheibriados
Dithmenos
Elyvilon
Fedhas
Gozag
Hepliaklqana
Kikubaaqudgha
Makhleb
Nemelex Xobeh
Okawaru
Qazlal
Ru
Sif Muna
Trog
Uskayaw
Vehumet
Xom
Yredelemnul
Zin
The Shining One


Innate Abilities, Weirdness & Mutations

You have razor-sharp teeth.
You heal very quickly.
When hurt, damage is shared between your health and your magic reserves.
Your bite disrupts and absorbs the magic of your enemies.
Potions cannot restore your health.
You are immune to rotting.


Message History

The acid blob is heavily wounded.
You block the acid blob's attack.
You slash the acid blob! The acid corrodes you!
Your hands burn!
You bite the acid blob, but do no damage.
The acid blob is severely wounded.
The acid blob hits you.
You are splashed with acid!
The acid burns!
You hit the acid blob but do no damage. You drain the acid blob!
Your hands burn!
You bite the acid blob, but do no damage.
The acid blob is severely wounded.
You block the acid blob's attack.
You slash the acid blob!
Your hands burn!
You bite the acid blob! You drain its power.
You feel invigorated.
The acid blob is almost dead.
You block the acid blob's attack.
You hit the acid blob but do no damage.
Your hands burn!
You bite the acid blob, but do no damage.
The acid blob is almost dead.
The acid blob hits you!!
You die...

##.....#.# ..........
..... .........# #.....
.......... #......
........... # .......
......<....# .#.......
............. ##........
.............##.J.......
.............#..@.......
........................
............#...........
#P.........###..........
##........# ##.......#.#
#.....#.####........# #
#...%%####.#........#
#.##%#%.##......P#~...
#####%#.#........~~.77


You could see an acid blob.

Vanquished Creatures
  Rupert (Lair:5)
  4 hydras
  Erica (D:10)
  2 two-headed ogres
  13 death yaks
  An unseen horror (D:9)
  The ghost of removeelyvilon the Grappler, a novice NaTm (D:5)
  Joseph (Lair:1)
  4 black mambas
  5 elephants (Lair:6)
  A torpor snail (Lair:5)
  10 spiny frogs
  A rime drake (Lair:5)
  6 komodo dragons
  A troll (D:9)
  Grinder (D:5)
  Prince Ribbit (D:4)
  20 blink frogs
  6 hippogriffs
  18 dream sheep
  A slime creature (Lair:2)
  A wyvern (Lair:6)
  2 redbacks (Lair:3)
  21 yaks
  3 hungry ghosts
  Edmund (D:4)
  4 swamp worms (Lair:2)
  Menkaure (D:5)
  Duvessa (D:4)
  10 water moccasins
  13 porcupines
  An ice beast (D:8)
  2 sky beasts
  2 orc warriors
  A phantom (D:5)
  A necrophage (D:8)
  4 ogres
  A centaur (D:10)
  The ghost of anet the Magician, an amateur HaWz (D:3)
  12 crocodiles
  A big kobold (D:10)
  9 bullfrogs
  Dowan (D:4)
  3 scorpions
  7 killer bees
  9 wights
  An electric eel (Lair:2)
  2 crimson imps
  2 bullfrog zombies
  2 centaur zombies
  A quasit (D:10)
  10 hounds
  8 jellies
  2 orc priests
  A centaur skeleton (D:5)
  3 orc wizards
  3 iguanas
  2 worker ants
  2 big kobold zombies (Ossuary)
  A hound skeleton (D:7)
  4 mummies (Ossuary)
  3 gnolls (D:6)
  2 howler monkey skeletons
  A worker ant zombie (D:5)
  15 adders
  6 shadow imps
  7 oozes
  An adder skeleton (D:9)
  An adder zombie (D:9)
  A worm (D:4)
  A dart slug (D:2)
  5 leopard geckos
  14 orcs
  5 giant cockroaches
  11 hobgoblins
  6 jackals
  13 kobolds
  5 quokkas
  2 ball pythons
  10 bats
  5 frilled lizards
  A gnoll zombie (Ossuary)
  5 goblins
  A goblin zombie (Ossuary)
  2 hobgoblin zombies (Ossuary)
  2 jackal skeletons
  3 jackal zombies
  3 kobold zombies (Ossuary)
  2 leopard gecko zombies (D:5)
  A quokka zombie (D:7)
  8 rats
  A rat zombie (Ossuary)
  4 fungi
  A plant (Lair:2)
403 creatures vanquished.

Vanquished Creatures (others)
  A sky beast (D:6)
  15 fungi
  5 plants
21 creatures vanquished.

Grand Total: 424 creatures vanquished

Notes
Turn   | Place    | Note
-------+----------+-------------------------------------------
     0 | D:1      | Duffy the Vine Stalker Fighter began the quest for the Orb.
     0 | D:1      | Reached XP level 1. HP: 11/11 MP: 2/2
    65 | D:1      | Reached skill level 2 in Axes
    98 | D:1      | Reached XP level 2. HP: 16/16 MP: 3/3
   101 | D:1      | Reached skill level 3 in Fighting
   350 | D:1      | Reached XP level 3. HP: 18/20 MP: 4/4
  1342 | D:2      | Gained mutation: Your natural rate of healing is unusually fast. [Vine Stalker growth]
  1342 | D:2      | Reached XP level 4. HP: 25/25 MP: 5/5
  1476 | D:2      | Reached skill level 3 in Axes
  1988 | D:3      | Reached skill level 4 in Fighting
  1992 | D:3      | Reached XP level 5. HP: 28/29 MP: 6/6
  2238 | D:3      | Noticed anet's ghost (amateur HaWz)
  2246 | D:3      | Killed anet's ghost
  2246 | D:3      | Reached skill level 4 in Axes
  2246 | D:3      | Reached XP level 6. HP: 34/34 MP: 7/7
  2271 | D:3      | Found a glowing golden altar of the Shining One.
  2763 | D:4      | Reached skill level 5 in Fighting
  3016 | D:4      | Noticed Dowan
  3018 | D:4      | Noticed Duvessa
  3029 | D:4      | Killed Duvessa
  3029 | D:4      | Reached skill level 5 in Axes
  3029 | D:4      | Reached XP level 7. HP: 39/39 MP: 6/8
  3031 | D:4      | Killed Dowan
  3098 | D:4      | Noticed Edmund
  3117 | D:4      | Killed Edmund
  3533 | D:5      | Entered Level 5 of the Dungeon
  3533 | D:5      | Noticed Grinder
  3533 | D:5      | Noticed removeelyvilon's ghost (novice NaTm)
  3535 | D:5      | Noticed Prince Ribbit
  3555 | D:5      | Killed removeelyvilon's ghost
  3555 | D:5      | Reached skill level 6 in Fighting
  3555 | D:5      | Reached skill level 6 in Axes
  3555 | D:5      | Gained mutation: You have razor-sharp teeth. [Vine Stalker growth]
  3555 | D:5      | Reached XP level 8. HP: 23/45 MP: 6/9
  3746 | D:4      | Killed Prince Ribbit
  3746 | D:4      | Reached skill level 7 in Fighting
  3895 | D:4      | Reached skill level 7 in Axes
  3920 | D:5      | Killed Grinder
  4030 | D:5      | Reached XP level 9. HP: 50/50 MP: 10/10
  4076 | D:5      | Noticed Menkaure
  4084 | D:5      | Killed Menkaure
  4171 | D:5      | Reached skill level 8 in Fighting
  4194 | D:5      | Reached skill level 8 in Axes
  4373 | D:5      | Found a staircase to the Ecumenical Temple.
  4389 | Temple   | Entered the Ecumenical Temple
  4783 | D:6      | Reached skill level 3 in Shields
  4857 | D:6      | Found a bloodstained altar of Trog.
  4890 | D:6      | Found a sparkling altar of Nemelex Xobeh.
  4896 | D:6      | Reached skill level 3 in Armour
  4913 | D:6      | Noticed a two-headed ogre
  5028 | D:6      | Killed a two-headed ogre
  5028 | D:6      | Reached skill level 4 in Shields
  5329 | D:6      | Reached skill level 4 in Armour
  5361 | D:6      | Reached XP level 10. HP: 56/56 MP: 11/11
  5723 | D:7      | Found a burning altar of Makhleb.
  5764 | D:7      | Reached skill level 5 in Shields
  5777 | D:7      | Reached skill level 9 in Axes
  5797 | D:7      | Found an ancient bone altar of Kikubaaqudgha.
  5918 | D:7      | Noticed a two-headed ogre
  5930 | D:7      | HP: 1/56 [two-headed ogre/giant spiked club (10)]
  6004 | D:7      | Killed a two-headed ogre
  6193 | D:7      | Found a sand-covered staircase.
  6200 | Ossuary  | Entered an ossuary
  6532 | D:7      | Reached skill level 5 in Armour
  7311 | D:8      | You fall through a shaft for 2 floors!
  7311 | D:10     | Entered Level 10 of the Dungeon
  7560 | D:9      | Found a shattered altar of Ashenzari.
  7601 | D:9      | Reached skill level 6 in Shields
  7987 | D:8      | Found a staircase to the Lair.
  8168 | D:8      | Found a hazy altar of Hepliaklqana.
  8184 | D:8      | Reached skill level 10 in Axes
  8282 | D:8      | Reached XP level 11. HP: 60/60 MP: 12/12
  9051 | D:10     | Reached skill level 6 in Armour
  9116 | D:9      | Killed an unseen horror
  9116 | D:9      | Reached skill level 7 in Shields
  9603 | D:10     | Noticed Erica
  9636 | D:10     | Killed Erica
 10005 | D:3      | Found a snail-covered altar of Cheibriados.
 10015 | D:3      | Became a worshipper of Cheibriados the Contemplative
 10016 | D:3      | ....
 10153 | Lair:1   | Entered Level 1 of the Lair of Beasts
 10311 | Lair:1   | Reached skill level 8 in Shields
 10380 | Lair:1   | Reached skill level 7 in Armour
 10769 | Lair:1   | Reached skill level 11 in Axes
 10837 | Lair:1   | Noticed Joseph
 10848 | Lair:1   | Killed Joseph
 10848 | Lair:1   | Reached * piety under Cheibriados
 10958 | Lair:1   | Gained mutation: You heal very quickly. [Vine Stalker growth]
 10958 | Lair:1   | Reached XP level 12. HP: 65/65 MP: 13/13
 11093 | Lair:2   | Noticed a four-headed hydra
 11104 | Lair:2   | Killed a one-headed hydra
 11265 | Lair:2   | Noticed a five-headed hydra
 11273 | Lair:2   | Killed a two-headed hydra
 11351 | Lair:2   | Reached skill level 9 in Shields
 11463 | Lair:2   | Reached skill level 8 in Armour
 11566 | Lair:2   | Reached ** piety under Cheibriados
 11913 | Lair:2   | Found a staircase to the Swamp.
 12172 | Lair:3   | Noticed an eight-headed hydra
 12182 | Lair:3   | Killed a five-headed hydra
 12304 | Lair:3   | Found a hole to the Spider Nest.
 12363 | Lair:3   | Reached *** piety under Cheibriados
 12474 | Lair:3   | Reached skill level 9 in Fighting
 12474 | Lair:3   | Reached skill level 12 in Axes
 12495 | Lair:3   | Reached XP level 13. HP: 70/70 MP: 14/14
 12902 | Lair:3   | Reached skill level 9 in Armour
 12902 | Lair:3   | Reached skill level 10 in Shields
 13041 | Lair:4   | Reached **** piety under Cheibriados
 13820 | Lair:5   | Identified a scroll of acquirement
 13925 | Lair:5   | Noticed Rupert
 13937 | Lair:5   | Killed Rupert
 13937 | Lair:5   | Reached skill level 10 in Fighting
 14273 | Lair:5   | Reached XP level 14. HP: 65/77 MP: 15/15
 14274 | Lair:5   | Reached ***** piety under Cheibriados
 14509 | Lair:6   | Entered Level 6 of the Lair of Beasts
 14517 | Lair:6   | Reached skill level 10 in Armour
 14517 | Lair:6   | Reached skill level 11 in Shields
 14639 | Lair:6   | Reached skill level 13 in Axes
 14840 | Lair:6   | Noticed an acid blob
 14849 | Lair:6   | HP: 2/77 [acid (2)]
 14852 | Lair:6   | Mangled by an acid blob

Vault maps used:
D:1:      minmay_arrival_doors
D:3:      tso_oasis_becter, nicolae_overflow_hidden_temple,
          minmay_gold_behind_fungi, hangedman_decor_push, minmay_ruptured
D:4:      first_bread, uniq_duvessa, uniq_edmund
D:5:      hangedman_decor_riveting, uniq_prince_ribbit1, uniq_menkaure,
          uniq_grinder
D:6:      old_standard_altar, nemelex_xobeh_ov_fountains_minmay
D:7:      overflow_temple_1_default, nicolae_overflow_crystal_walls,
          nicolae_ossuary_entry_monument
D:8:      kennysheep_little_box, david_lair_shrubbed
D:9:      evilmike_ruin_ashenzari
D:10:     serial_column_ruins, column_ruins_hut, column_ruins_circle_large,
          column_ruins_columns_corner, column_ruins_open_small,
          column_ruins_columns_straight, column_ruins_columns_straight,
          column_ruins_open_small_water, column_ruins_open_large,
          column_ruins_grid_3, uniq_erica
Temple:   nicolae_temple_god_jail
Lair:1:   uniq_joseph
Lair:2:   lemuel_slime, nicolae_swamp_entry_splash_gauntlet
Lair:3:   spider_nest_entry_webs, lemuel_old_faithful, grunt_megastairs_3
Lair:4:   serial_bayou_crossing
Lair:5:   infiniplex_staircase_pool, grunt_megastairs_1, uniq_rupert
Lair:6:   wormcave, hangedman_lair_tendril_chambers, dpeg_slime_entry_corner,
          serial_bayou_shore_a
Ossuary:  ossuary_minmay_tomb_2a

Skill      XL: |  1  2  3  4  5  6  7  8  9 10 11 12 13 14 |
---------------+-------------------------------------------+-----
Axes           | 2 3 4 5 6 7 8 10 11 12 13 | 13.1
Fighting       | 3 4 5 6 7 8 9 10 | 10.6
Shields        | 4 6 8 9 10 11 | 11.2
Armour         | 4 5 7 8 9 10 | 10.2

Action                   |  1- 3 |  4- 6 |  7- 9 | 10-12 | 13-15 || total
-------------------------+-------+-------+-------+-------+-------++-------
Melee: War axe           |    91 |   110 |   201 |   682 |   263 ||  1347
       Bite              |    21 |    44 |    65 |   272 |   172 ||   574
       Hand axe          |       |    75 |       |       |       ||    75
       Scimitar          |       |       |       |    17 |     5 ||    22
Evoke: Wand              |       |       |       |     6 |       ||     6
  Use: Scroll            |     1 |     4 |     1 |    14 |     7 ||    27
       Potion            |       |     5 |     2 |     1 |       ||     8
  Eat: Chunk             |     1 |     6 |     9 |    17 |     4 ||    37
       Beef jerky        |       |       |     1 |     1 |       ||     2
       Royal jelly       |       |       |       |     2 |       ||     2
       Pizza             |       |       |       |     1 |       ||     1
Armor: Scale mail        |    49 |    80 |    61 |       |       ||   190
       Skin              |       |     9 |       |    10 |       ||    19
       Chain mail        |       |       |     6 |   238 |       ||   244
       Plate armour      |       |       |       |   136 |   113 ||   249
Dodge: Dodged            |    25 |    46 |    49 |   169 |    53 ||   342
Block: Shield            |    68 |    93 |    64 |   412 |   160 ||   797
       Rpst.: Scimitar   |       |       |       |       |     2 ||     2
